 Dungeon Crawl Stone Soup version 0.27.1-34-g3ba077fa99 (webtiles) character file.

Game seed: 882154901968237130

7424 LLlMATKO the Fighter (level 10, -12/141 HPs)
             Began as a Minotaur Berserker on Jan 24, 2022.
             Was a High Priest of Trog.
             Mangled by a death knight (26 damage)
             ... on level 9 of the Dungeon.
             The game lasted 00:08:30 (10807 turns).

LLlMATKO the Fighter (Minotaur Berserker)          Turns: 10807, Time: 00:08:32

Health: -12/141    AC: 11    Str: 21    XL:     10   Next: 93%
Magic:  9/9        EV: 12    Int:  4    God:    Trog [*****.]
Gold:   515        SH:  5    Dex: 14    Spells: 9/9 levels left

rFire    . . .     SeeInvis .   i - +1 battleaxe
rCold    . . .     Faith    .   (shield currently unavailable)
rNeg     . . .     Spirit   .   k - +0 chain mail
rPois    .         Reflect  +   (helmet restricted)
rElec    .         Harm     .   (no cloak)
rCorr    .         Rampage  .   (no gloves)
Will     .....                  (no boots)
Stlth    ..........             d - amulet of reflection
HPRegen  0.33/turn              (no ring)
MPRegen  0.11/turn              (no ring)

@: berserking (expiring), very quick
A: horns 2, retaliatory headbutt
a: Renounce Religion, Berserk, Trog's Hand, Brothers in Arms


You were on level 9 of the Dungeon.
You worshipped Trog.
Trog was extremely pleased with you.
You visited 1 branch of the dungeon, and saw 9 of its levels.
You also visited: Ossuary.

You collected 515 gold pieces.

Inventory:

Hand Weapons
 a - a +0 hand axe
 e - a +1 hunting sling of flaming
 i - a +1 battleaxe (weapon)
 v - a +0 war axe
 A - a +2 whip of electrocution
Missiles
 c - 65 poisoned darts (quivered)
 l - 40 bolts
 p - 102 sling bullets
 I - 10 boomerangs
 J - 2 curare-tipped darts
 L - 2 throwing nets
Armour
 k - a +0 chain mail (worn)
Jewellery
 d - an amulet of reflection (around neck)
 y - an amulet of the acrobat
 C - a ring of flight
Wands
 E - a wand of iceblast (10)
 K - a wand of digging (6)
Scrolls
 f - 4 scrolls of blinking {unknown}
 g - 3 scrolls of teleportation {unknown}
 h - 7 scrolls of identify
 j - 6 scrolls of magic mapping
 t - a scroll of amnesia {unknown}
 u - 4 scrolls of torment {unknown}
 w - a scroll of summoning {unknown}
 x - a scroll of noise {unknown}
 B - 2 scrolls of brand weapon {unknown}
 F - a scroll of immolation {unknown}
Potions
 b - 2 potions of degeneration {unknown}
 m - 5 potions of haste
 n - 2 potions of curing {unknown}
 o - 2 potions of flight {unknown}
 q - a potion of resistance {unknown}
 r - 2 potions of lignification {unknown}
 s - 3 potions of heal wounds {unknown}
 z - 3 potions of ambrosia {unknown}
 D - 2 potions of brilliance {unknown}
 G - a potion of attraction {unknown}
 H - 2 potions of magic {unknown}


   Skills:
 + Level 10.7 Fighting
 + Level 10.6 Axes
 + Level 10.3 Armour
 + Level 9.5 Dodging


You had 9 spell levels left.
You didn't know any spells.
Your spell library was empty.

Dungeon Overview and Level Annotations

Branches:
Dungeon (9/15)             Temple (0/1) D:6            Lair (0/6) D:9
Ossuary (visited)
    Orc: D:9-12

Altars:
Fedhas

Shops:
D:2 *


Innate Abilities, Weirdness & Mutations

You have a pair of horns on your head.
You reflexively headbutt those who attack you in melee.


Message History

The death knight shouts!
The troll bites you. The troll misses you. You block the troll's attack.
You closely miss the troll. You hit the troll. You headbutt the troll.
The troll is lightly wounded.
The troll bites you.
The troll claws you but does no damage. x2
You slice the troll!! You headbutt the troll.
You kill the troll!
Trog accepts your kill.
You barely miss the yak. Your headbutt misses the yak.
The yak barely misses you.
You see here a killer bee corpse.
You closely miss the yak. You hit the yak. The yak barely misses you.
You furiously retaliate!
You headbutt the yak. The yak gores you.
Your chain mail prevents you from hitting the death knight.
You hit the yak. You hit the yak but do no damage.
The death knight hits you with a +0 broad axe!
* * * LOW HITPOINT WARNING * * *
The yak gores you.
* * * LOW HITPOINT WARNING * * *
Your chain mail prevents you from hitting the death knight.
You slash the yak! You hit the yak. You block the yak's attack.
The death knight hits you with a +0 broad axe!!
* * * LOW HITPOINT WARNING * * *
The yak barely misses you.
Unknown command.
You hit the death knight.
The death knight is lightly wounded.
You slice the yak!!
You kill the yak!
Trog accepts your kill.
You slash the yak! The yak barely misses you. You furiously retaliate!
You headbutt the yak! You barely miss the death knight.
The death knight is lightly wounded.
You slash the yak!
You kill the yak!
Trog accepts your kill.
The death knight hits you with a +0 broad axe!!
You die...

.# #..# #.## .# ..#
#..###.# .# #.#
#......### .# ...
#...#....# .# #.#
#..###..## .# #.. #..#
#..# .# #.###.###.#.##
#.## .# #....p.(..#.#
#.#
.###############@#####.#
#.#
...............††......#
#.#
#..........#######...###
#.#
...........####.......#
#.#
.....(####........##...#
#.# ......#
##.....#####...###.#
......# ###..## #...#..#
#.....# #..## #.....##
#.....# ##..# ##.....#


You could see a death knight.

Vanquished Creatures
  A centaur warrior (D:9)
  Joseph (D:7)
  2 trolls
  A hornet (D:9)
  Prince Ribbit (D:7)
  A shadow (D:8)
  2 wraiths (Ossuary)
  7 yaks (D:9)
  Duvessa (D:7)
  8 orc warriors
  2 water moccasins
  An ice beast (D:8)
  3 black bears
  A sky beast (D:7)
  An ogre (D:7)
  A necrophage (D:7)
  3 centaurs
  2 phantoms
  2 kobold brigands
  A wyvern zombie (D:6)
  3 bullfrogs (D:9)
  5 scorpions
  Dowan (D:7)
  6 killer bees
  3 wights (Ossuary)
  A bullfrog zombie (D:7)
  A howler monkey (D:6)
  3 centaur zombies
  2 jellies
  4 hounds
  5 orc priests
  A gnoll shaman (D:5)
  A centaur skeleton (D:6)
  An iguana (D:5)
  A scorpion zombie (D:5)
  8 orc wizards
  A killer bee zombie (D:9)
  A hound zombie (D:5)
  2 howler monkey zombies (D:9)
  6 gnolls
  5 adders
  A white imp (D:7)
  2 adder zombies (Ossuary)
  3 worms
  27 orcs
  7 ball pythons
  A bat (D:1)
  7 endoplasms
  2 giant cockroaches (D:1)
  4 goblins
  2 hobgoblins (D:1)
  7 jackals (D:1)
  A quokka (D:1)
  A ball python skeleton (Ossuary)
  6 frilled lizards
  2 hobgoblin skeletons (Ossuary)
  A hobgoblin zombie (Ossuary)
  13 kobolds
  A kobold zombie (Ossuary)
  An orc skeleton (Ossuary)
  An orc zombie (Ossuary)
  2 rats (D:2)
  A toadstool (D:6)
196 creatures vanquished.

Vanquished Creatures (others)
  12 fungi
  13 plants (D:9)
  3 toadstools (D:6)
28 creatures vanquished.

Grand Total: 224 creatures vanquished

Notes
Turn   | Place    | Note
-------+----------+-------------------------------------------
     0 | D:1      | LLlMATKO the Minotaur Berserker began the quest for the
                  | Orb.
     0 | D:1      | Reached XP level 1. HP: 19/19 MP: 0/0
   440 | D:1      | Reached XP level 2. HP: 16/27 MP: 1/1
   928 | D:1      | Reached XP level 3. HP: 27/33 MP: 2/2
  1021 | D:1      | Found a faded altar of an unknown god.
  1566 | D:2      | Reached ** piety under Trog
  1685 | D:2      | Found Sodigul's General Store.
  2127 | D:2      | Reached XP level 4. HP: 39/40 MP: 3/3
  3041 | D:4      | Found a sand-covered staircase.
  3050 | Ossuary  | Entered an ossuary
  3146 | Ossuary  | Reached XP level 5. HP: 30/47 MP: 4/4
  3311 | Ossuary  | Noticed a flying skull
  3311 | Ossuary  | Noticed a wraith
  3318 | Ossuary  | Noticed a flying skull
  3345 | Ossuary  | Noticed a flying skull
  3364 | Ossuary  | Reached skill level 5 in Fighting
  3456 | Ossuary  | Noticed a wraith
  3467 | Ossuary  | Killed a wraith
  3468 | Ossuary  | Reached skill level 5 in Axes
  3468 | Ossuary  | Reached XP level 6. HP: 38/56 MP: 5/5
  3631 | Ossuary  | Noticed a wraith
  3639 | Ossuary  | Killed a wraith
  3640 | Ossuary  | Reached skill level 5 in Armour
  3687 | Ossuary  | Reached XP level 7. HP: 41/62 MP: 6/6
  4396 | D:4      | Reached skill level 5 in Dodging
  4878 | D:5      | Entered Level 5 of the Dungeon
  5226 | D:5      | Reached XP level 8. HP: 70/71 MP: 7/7
  5926 | D:5      | Reached *** piety under Trog
  6361 | D:6      | Identified the +1 quarterstaff of Dinwiaq {protect, rElec
                  | rF+ rN++ Dex-5}
  6742 | D:6      | Found a staircase to the Ecumenical Temple.
  6903 | D:7      | Noticed Joseph
  6915 | D:7      | Killed Joseph
  6916 | D:7      | Reached XP level 9. HP: 74/81 MP: 8/8
  7327 | D:7      | Noticed Dowan
  7328 | D:7      | Noticed Duvessa
  7335 | D:7      | Killed Dowan
  7338 | D:7      | Killed Duvessa
  7338 | D:7      | Reached **** piety under Trog
  7549 | D:7      | Noticed Prince Ribbit
  7557 | D:7      | Killed Prince Ribbit
  8067 | D:7      | Found a blossoming altar of Fedhas.
  8248 | D:8      | Reached XP level 10. HP: 52/91 MP: 9/9
  9460 | D:9      | Reached ***** piety under Trog
  9627 | D:9      | Reached skill level 10 in Fighting
  9821 | D:9      | Found a staircase to the Lair.
  9886 | D:9      | Noticed a centaur warrior
  9890 | D:9      | Reached skill level 10 in Axes
  9898 | D:9      | Killed a centaur warrior
  9899 | D:9      | Reached skill level 10 in Armour
 10796 | D:9      | Noticed a death knight
 10807 | D:9      | Mangled by a death knight

Illustrated notes

Levels and vault maps discovered:
D:1:      dpeg_arrival_morbid_curiosity, layout_basic,
          ebering_ecumenical_altar_hall
D:2:      layout_loops_ring, serial_shops, shop_statue, eino_tiny_chamber,
          roderic_serpentine_path
D:3:      layout_loops_ring
D:4:      layout_cave_pods, nicolae_ossuary_entry_monument,
          corexii_leaking_fountain, grunt_ministairs_10
D:5:      layout_gridville, minmay_misc_feat_cross
D:6:      layout_basic, minmay_temple_entry_junction, minmay_gold_behind_fungi
D:7:      layout_rooms, nicolae_overflow_hidden_temple, uniq_duvessa,
          uniq_prince_ribbit1, uniq_joseph
D:8:      layout_rooms
D:9:      layout_layer_cave, grunt_lair_entry_orc_guard_hut, serial_glass,
          glass_columns_a, glass_columns_c, chequers_serial_rivers_small_a,
          minmay_the_grid_2x2 [minmay_the_grid_medium_cups,
          minmay_the_grid_odd_star, minmay_the_grid_embedded,
          minmay_the_grid_prize_shrinking_boxes]

Skill      XL: |  1  2  3  4  5  6  7  8  9 10 |
---------------+-------------------------------+-----
Fighting       | 4 5 6 8 9 10 | 10.7
Axes           | 4 5 6 8 9 10 | 10.6
Armour         | 3 4 5 6 7 9 10 | 10.3
Dodging        | 3 4 5 6 8 9 |  9.5

Action                   |  1- 3 |  4- 6 |  7- 9 | 10-12 || total
-------------------------+-------+-------+-------+-------++-------
Melee: Hand axe          |    34 |       |       |       ||    34
       Headbutt          |    15 |    12 |    45 |    32 ||   104
       Battleaxe         |    49 |    90 |   191 |   114 ||   444
Invok: Berserk           |     3 |     1 |     6 |     5 ||    15
  Use: Scroll            |       |     6 |       |       ||     6
Armor: Animal skin       |     6 |       |       |       ||     6
       Chain mail        |    27 |    43 |   107 |    74 ||   251
Dodge: Dodged            |    56 |    36 |    90 |    82 ||   264
Block: Other             |    23 |    13 |    61 |    37 ||   134
       Reflection        |       |       |     1 |     1 ||     2
